 Dungeon Crawl Stone Soup version 0.30-a0-567-gf7fd966b4a (webtiles) character file.

Game seed: 8734846713933105315

116 tilp the Covered (level 5, 0/46 HPs)
             Began as a Meteoran Fighter on Dec 28, 2022.
             Slain by a rat (1 damage)
             ... in a sewer.
             The game lasted 00:05:36 (819 turns).

tilp the Covered (Meteoran Fighter)                  Turns: 819, Time: 00:05:36

Health: 0/46       AC: 10    Str: 18    XL:     5   Next: 45%
Magic:  6/6        EV:  5    Int:  9    God:
Gold:   57         SH:  5    Dex: 15    Spells: 4/4 levels left

rFire   . . .      SeeInvis .    b - +2 short sword (drain)
rCold   . . .      Faith    .    c - +0 buckler
rNeg    + . .      Spirit   .    i - +0 chain mail
rPois   .          Reflect  .    (no helmet)
rElec   .          Harm     .    (no cloak)
rCorr   .          Rampage  .    e - +0 pair of gloves
Will    .....                    (no boots) Stlth
                                 (no amulet)
HPRegen 0.27/turn                j - ring of positive energy
MPRegen 0.10/turn                (no ring)

@: mighty, glowing, constricted
A: sense surroundings 1, otherworldly, glowing, explore regen
a: no special abilities


You were in a sewer.
You visited 1 branch of the dungeon, and saw 4 of its levels.
You also visited: Sewer.

You collected 57 gold pieces.

Inventory:

Hand Weapons
 a - a +0 long sword
 b - a +2 short sword of draining (weapon)
Missiles
 m - a throwing net {!t}
 o - 18 stones
 r - 2 poisoned darts (quivered)
Armour
 c - a +0 buckler (worn)
 e - a +0 pair of gloves (worn)
 i - a +0 chain mail (worn)
 p - a +0 scale mail
Jewellery
 j - a ring of positive energy (left hand)
Scrolls
 k - a scroll of blinking {unknown}
 n - a scroll of teleportation
Potions
 d - a potion of might
 f - a potion of mutation {unknown}
 g - a potion of degeneration {unknown}
 h - a potion of flight {unknown}
 l - a potion of heal wounds
 q - a potion of brilliance {unknown}
 s - a potion of invisibility {unknown}


   Skills:
 + Level 3.8 Fighting
 + Level 3.2 Long Blades
 - Level 4.0 Armour
 * Level 2.9 Dodging
 + Level 1.2 Stealth
 - Level 4.0 Shields


You had 4 spell levels left.
You didn't know any spells.
Your spell library was empty.

Dungeon Overview and Level Annotations

Branches:
Dungeon (4/15) Zot: 1756    Sewer (1/1) Zot: 378
 Temple: D:4-7

Altars:
Gozag
Sif Muna
Vehumet
Xom


Innate Abilities, Weirdness & Mutations

You passively map a small area around you.
You are easily found by Zot.
You glow in the dark.
You regain HP and MP as you explore.


Message History

The ball python hisses angrily.
You puncture the ball python!
You kill the ball python!
The rat bites you.
* * * LOW HITPOINT WARNING * * *
The rat bites you but does no damage. You block the frilled lizard's attack.
The ball python bites you but does no damage.
You block the endoplasm's attack.
The ball python bites you but does no damage.
The ball python constricts you. The rat bites you but does no damage.
Unknown command.
You closely miss the ball python. The rat bites you.
* * * LOW HITPOINT WARNING * * *
The rat bites you but does no damage. The rat barely misses you.
The frilled lizard barely misses you. You block the ball python's attack. x2
The ball python constricts you. The endoplasm freezes you.
You are frozen.
* * * LOW HITPOINT WARNING * * *
The rat bites you.
* * * LOW HITPOINT WARNING * * *
You puncture the ball python!
You kill the ball python!
The rat bites you but does no damage. The rat barely misses you.
The rat bites you but does no damage. The frilled lizard bites you.
* * * LOW HITPOINT WARNING * * *
The ball python bites you.
* * * LOW HITPOINT WARNING * * *
The ball python constricts you.
* * * LOW HITPOINT WARNING * * *
The ball python barely misses you.
The endoplasm hits you but does no damage.
The rat bites you.
* * * LOW HITPOINT WARNING * * *
Unknown command.
You puncture the ball python!
You kill the ball python!
The rat bites you but does no damage. You block the rat's attack.
The rat bites you.
You die...

* ## ##. .### #. , ####..
...####... ......#**..........
....... ##.......#
#.....##........## ,
#...Srr.........#*
≈≈≈≈≈≈~≈≈≈~##.rJ@r..........
≈≈≈≈≈≈≈≈≈≈~~≈~~≈lr~..~~~~.~~
≈≈≈≈≈≈≈≈≈≈≈≈≈≈≈≈≈≈≈~~~~~≈~≈~≈≈≈≈≈
≈≈≈≈≈≈≈≈≈≈≈≈≈≈≈≈≈≈≈≈~≈~≈≈≈≈≈≈≈≈≈≈
≈≈≈≈≈≈≈≈≈≈≈≈≈≈≈≈≈≈~≈.~~~~~.~~~≈≈≈
###≈≈≈≈≈≈≈~≈≈≈≈≈≈~≈.~.....~.~~≈≈~
..#~≈≈≈≈≈~.~..~....~.........~~..
.)#~.............................
.)'.........††...................


You could see an endoplasm, a ball python, a frilled lizard and 5 rats.

Vanquished Creatures
  4 river rats (Sewer)
  4 adders
  A worm (D:2)
  A dart slug (D:2)
  2 bats (D:1)
  3 hobgoblins
  8 ball pythons
  2 frilled lizards
  3 goblins
  11 kobolds
  14 rats
53 creatures vanquished.

Notes
Turn   | Place    | Note
-------+----------+-------------------------------------------
     0 | D:1      | tilp the Meteoran Fighter began the quest for the Orb.
     0 | D:1      | Reached XP level 1. HP: 19/19 MP: 2/2
     2 | D:1      | Noticed a vampire
     4 | D:1      | Noticed a gargoyle
     4 | D:1      | Noticed an armataur
     6 | D:1      | Noticed a spriggan
     6 | D:1      | Noticed a meteoran
     8 | D:1      | Noticed a draconian
     8 | D:1      | Noticed a ghoul
    12 | D:1      | Noticed an ogre
    12 | D:1      | Noticed a tengu
    14 | D:1      | Noticed a demonspawn
    14 | D:1      | Noticed a naga
    16 | D:1      | Noticed a troll
    16 | D:1      | Noticed a formicid
    18 | D:1      | Noticed an elf
    20 | D:1      | Noticed a human
    22 | D:1      | Noticed a merfolk
    22 | D:1      | Noticed a felid
    25 | D:1      | Noticed a minotaur
    25 | D:1      | Noticed an octopode
    27 | D:1      | Noticed a draconian
    27 | D:1      | Noticed a demigod
    29 | D:1      | Noticed a demigod
    62 | D:1      | Reached XP level 2. HP: 23/26 MP: 3/3
   100 | D:1      | Reached skill level 1 in Dodging
   165 | D:2      | Reached XP level 3. HP: 11/31 MP: 4/4
   398 | D:3      | Reached XP level 4. HP: 30/39 MP: 5/5
   481 | D:3      | Found a shimmering altar of Xom.
   483 | D:3      | Found a radiant altar of Vehumet.
   485 | D:3      | Found an opulent altar of Gozag.
   530 | D:3      | Found a shimmering blue altar of Sif Muna.
   604 | D:3      | Found a glowing drain.
   609 | Sewer    | Entered a sewer
   723 | Sewer    | Reached skill level 1 in Stealth
   739 | Sewer    | Reached XP level 5. HP: 42/46 MP: 6/6
   818 | Sewer    | HP: 1/46 [rat (3)]
   819 | Sewer    | Slain by a rat

Illustrated notes

Levels and vault maps discovered:
D:1:      kb_arrival_jail, layout_rooms, shapermc_ecumenical_altar_mp_vishouse,
          minmay_vboxes
D:2:      layout_loops_ring, basic_altar, uniq_sigmund, uniq_natasha
D:3:      layout_loops_cross, mainiacjoe_overflow_alcove_1,
          grunt_temple_overflow_open, portal_sewer_entry_e
D:4:      layout_basic, okawaru_ov_weapons_minmay,
          mainiacjoe_overflow_tiny_flanked
Sewer:    sewer_minmay_treatment

Skill      XL: |  1  2  3  4 |
---------------+-------------+-----
Dodging        | 1 2 |  2.9
Armour         | 4 |  4.0
Shields        | 4 |  4.0
Long Blades    | 3 |  3.2
Stealth        | 1 |  1.2
Fighting       | |  3.8

Action                   |  1- 3 |  4- 6 || total
-------------------------+-------+-------++-------
Melee: Long sword        |    94 |    52 ||   146
       Short sword       |       |    39 ||    39
  Use: Scroll            |     2 |       ||     2
       Potion            |       |     2 ||     2
Armor: Scale mail        |    45 |       ||    45
       Chain mail        |    19 |   122 ||   141
Dodge: Dodged            |    41 |    65 ||   106
Block: Buckler           |    29 |    44 ||    73

Table legend: (Time is in decaauts)
 A = Elapsed time spent in this place.
 B = Non-inter-level travel time spent in this place.
 C = Inter-level travel time spent in this place.
 D = Time resting spent in this place.
 E = Time spent auto-exploring this place.
 F = Levels seen in this place.
 G = Mean time per level.
                   A        B        C        D        E       F      G
               +--------+--------+--------+--------+--------+-----+--------+
         Total |    863 |    752 |    111 |      0 |      0 |   5 |  172.6 |
       Dungeon |    643 |    532 |    111 |      0 |      0 |   4 |  160.8 |
         Sewer |    220 |    220 |      0 |      0 |      0 |   1 |  220.0 |
               +--------+--------+--------+--------+--------+-----+--------+

Top non-repeatable levels by time:
     D:3: 331 daAuts
   Sewer: 220 daAuts
     D:2: 156 daAuts
     D:1: 153 daAuts
     D:4: 1 daAuts
